 Dungeon Crawl Stone Soup version 0.30.0 (webtiles) character file.

Game seed: 3094583689022660472

1916 Androun the Poker (level 8, -6/62 HPs)
             Began as a Demonspawn Gladiator on Oct 17, 2023.
             Was an Initiate of Yredelemnul.
             Mangled by a manticore (10 damage)
             ... on level 7 of the Dungeon.
             The game lasted 00:55:30 (5437 turns).

Androun the Poker (Demonspawn Gladiator)            Turns: 5437, Time: 00:55:32

Health: -6/62      AC: 16    Str: 17      XL:     8   Next: 95%
Magic:  8/8        EV:  6    Int:  9      God:    Yredelemnul [......]
Gold:   392        SH:  9    Dex: 14 (15) Spells: 7/7 levels left

rFire   . . .        g - +7 scythe (vamp)
rCold   + . .        (shield currently unavailable)
rNeg    . . .        v - +0 plate armour
rPois   .            b - +2 hat
rElec   .            (no cloak)
rCorr   .            m - +1 pair of gloves of Impermeability {Rampage rC+}
SInv    .            (no boots)
Will    .....        f - amulet of reflection Stlth
                     (no ring)
HPRegen 0.30/turn    (no ring)
MPRegen 0.11/turn

%: reflection, rampage
@: about to teleport
A: antennae 2, hooves 2, spiny 1, condensation shield, deterioration 1, wild
magic 1
a: Renounce Religion, Recall Undead Harvest


You were on level 7 of the Dungeon.
You worshipped Yredelemnul.
Yredelemnul was noncommittal.
You visited 2 branches of the dungeon, and saw 8 of its levels.

You collected 392 gold pieces.

Inventory:

Hand Weapons
 g - a +7 vampiric scythe (weapon)
Missiles
 d - 3 throwing nets (quivered)
 e - a javelin
Armour
 b - a +2 hat (worn)
 c - a +0 helmet
 m - the +1 pair of gloves of Impermeability (worn) {Rampage rC+}
   (You found it on level 3 of the Dungeon)

   rC:        It protects you from cold.
   Rampage:   It bestows one free step when moving towards enemies.
 v - a +0 plate armour (worn)
Jewellery
 f - an amulet of reflection (around neck)
 o - an amulet of magic regeneration
 t - a ring of wizardry
Wands
 i - a wand of flame (10)
 n - a wand of digging (5)
 r - a wand of polymorph (6)
 u - a wand of quicksilver (9)
Scrolls
 a - a scroll of immolation
 h - 3 scrolls of teleportation
 j - a scroll of amnesia
 l - 7 scrolls of identify
Potions
 k - a potion of flight
 q - a potion of haste {unknown}
 s - a potion of magic {unknown}


   Skills:
 + Level 5.0 Fighting
 - Level 4.3(5.9) Axes
 + Level 6.2(6.9) Polearms
 + Level 2.0 Throwing
 + Level 4.3 Armour
 + Level 3.8 Dodging
 + Level 2.0 Stealth
 + Level 1.4 Shields
 + Level 0.8 Unarmed Combat
 + Level 1.8 Evocations


You had 7 spell levels left.
You didn't know any spells.
Your spell library contained the following spells:

 Spells                   Type           Power      Damage    Failure   Level
 Kiss of Death            Conj/Necr      0%         2d5       100%        1
 Magic Dart               Conj           0%         1d3       100%        1
 Slow                     Hex            0%         N/A       100%        1
 Call Imp                 Summ           0%         N/A       100%        2
 Scorch                   Fire           0%         2d5       100%        2
 Confusing Touch          Hex            0%         N/A       100%        3
 Mephitic Cloud           Conj/Pois/Air  0%         N/A       100%        3
 Vampiric Draining        Necr           0%         2d6       100%        3
 Cause Fear               Hex            0%         N/A       100%        4
 Dispel Undead            Necr           0%         3d6       100%        4
 Flame Wave               Conj/Fire      0%         2d4       100%        4
 Passage of Golubria      Tloc           0%         N/A       100%        4
 Silence                  Hex/Air        0%         N/A       100%        5
 Summon Cactus Giant      Summ           0%         N/A       100%        6
 Dragon Form              Tmut           0%         N/A       100%        7
 Lehudib's Crystal Spear  Conj/Erth      0%         10d2      100%        8
 Dragon's Call            Summ           0%         N/A       100%        9


Dungeon Overview and Level Annotations

Branches:
Dungeon (7/15)             Temple (1/1) D:4

Altars:
Ashenzari
Cheibriados
Dithmenos
Fedhas
Gozag
Hepliaklqana
Kikubaaqudgha
Makhleb
Nemelex Xobeh
Okawaru
Qazlal
Ru
Sif Muna
Trog
Wu Jian
Xom
Yredelemnul

Shops:
D:2 (

Annotations:
D:7 1 transporter, exclusion: oklob plant, Caliliti's ghost, novice HOFi
Temple 2 transporters


Innate Abilities, Weirdness & Mutations

You have a pair of antennae on your head.
You have hoof-like feet.
You are partially covered in sharp spines.
A meltable shield of frost defends you. (SH +4)
Your body sometimes deteriorates upon taking damage.
Your spells are a little harder to cast, but a little more powerful.


Message History

The manticore claws you. You block the manticore's attack.
Your spectral shadow imp hits Caliliti's ghost but does no damage.
You feel much better. You block Caliliti's ghost's attack.
The manticore bites you but does no damage.
The manticore claws you.
The manticore claws you but does no damage.
Your spectral shadow imp closely misses Caliliti's ghost.
Aiming: Polymorph
Press: ? - help, Q - select action, (/) - cycle Shift-Dir - straight line, f - Caliliti's ghost
Aim: Caliliti's ghost (moderately damaged, ally target, not susceptible) Caliliti's ghost is unaffected.
Caliliti's ghost hits you but does no damage.
The manticore bites you. The manticore claws you! x2
Your spectral shadow imp closely misses Caliliti's ghost.
You puncture the manticore!
You feel better.
You kick the manticore.
The manticore is heavily wounded.
You block Caliliti's ghost's attack. The manticore is struck by your spines.
The manticore bites you!
The manticore claws you but does no damage. x2
Your spectral shadow imp hits Caliliti's ghost but does no damage.
You puncture the manticore!
You feel better.
The manticore is severely wounded.
The manticore bites you.
The manticore claws you but does no damage. x2
Caliliti's ghost hits you!
Your spectral shadow imp barely misses Caliliti's ghost.
The manticore bites you but does no damage.
The manticore claws you but does no damage.
The manticore claws you!
* * * LOW HITPOINT WARNING * * *
Caliliti's ghost hits you!
* * * LOW HITPOINT WARNING * * *
As you read the scroll of teleportation, it crumbles to dust.
You feel strangely unstable.
Your spectral shadow imp hits Caliliti's ghost but does no damage.
Caliliti's ghost hits you but does no damage.
The manticore barely misses you. You block the manticore's attack.
The manticore claws you!
You die...
Your body rises from the dead as a mindless zombie.

####...#.#~.##...##.J#o#..##.#
#..©#.#..#.)$?)#..#.#©....#
##..#.#..#....##..#.#....##
#..##.....#.##.~..##..#.#
##..##.~#.###J#..##.....##
#...##8.~..ozoP##.......#
#.#..##~..Yloo##........#
#.##..##.###H##..>......#
#<###..##ZW@##..........# ###
##..#####..#........#
##...(...##........#
##.....############ #######


You could see an oklob plant, a manticore, a sky beast, a jelly, a wight, 2 orc
wizards, Caliliti's ghost (ally target), an orc and a friendly spectral shadow
imp.

Vanquished Creatures
  A hornet (D:7)
  Sigmund (D:2)
  A water moccasin (D:6)
  A black bear (D:5)
  2 ogres
  A centaur (D:5)
  A gnoll sergeant (D:7)
  2 bullfrogs (D:7)
  3 scorpions (D:5)
  3 wights (D:6)
  4 hounds
  3 orc priests
  A jelly (D:6)
  A sleepcap (D:7)
  An iguana (D:7)
  4 orc wizards
  3 adders
  3 gnolls (D:6)
  A shadow imp (D:7)
  A white imp (D:5)
  An ufetubus (D:5)
  An adder zombie (D:5)
  A worm (D:4)
  3 dart slugs
  14 orcs
  3 ball pythons
  4 bats
  2 endoplasms
  2 giant cockroaches (D:2)
  4 goblins
  7 hobgoblins
  5 kobolds
  4 quokkas
  3 frilled lizards
  7 rats
99 creatures vanquished.

Vanquished Creatures (collateral kills)
  A wight (D:6)
  2 orcs
3 creatures vanquished.

Vanquished Creatures (others)
  A bullfrog zombie (D:7)
  A centaur zombie (D:5)
  A scorpion zombie (D:5)
  A hound zombie (D:7)
  An adder zombie (D:5)
  A jelly zombie (D:6)
  A spectral white imp (D:5)
  2 gnoll zombies
  5 orc zombies
  A plant (D:1)
15 creatures vanquished.

Grand Total: 117 creatures vanquished

Notes
Turn   | Place    | Note
-------+----------+-------------------------------------------
     0 | D:1      | Androun the Demonspawn Gladiator began the quest for the
                  | Orb.
     0 | D:1      | Reached XP level 1. HP: 16/16 MP: 1/1
    21 | D:1      | Gained mutation: You possess an exceptional clarity of
                  | mind. [potion of mutation]
    21 | D:1      | Gained mutation: You have large cloven feet. [potion of
                  | mutation]
   662 | D:1      | Discovered your monstrous ancestry.
   662 | D:1      | Gained mutation: You have a pair of small antennae on your
                  | head. [demonic ancestry]
   662 | D:1      | Reached XP level 2. HP: 21/22 MP: 2/2
   672 | D:1      | Learned a level 1 spell: Kiss of Death
   689 | D:1      | Found a faded altar of an unknown god.
   692 | D:1      | You fall into a shaft and drop 1 floor!
   758 | D:2      | Found Uvvusu's Antique Weapon Boutique.
   950 | D:2      | Mutation became permanent: You have large cloven feet.
                  | [demonic ancestry]
   950 | D:2      | Gained mutation: You have large cloven feet. [demonic
                  | ancestry]
   950 | D:2      | Reached XP level 3. HP: 26/27 MP: 3/3
  1031 | D:2      | Noticed Sigmund
  1037 | D:2      | Killed Sigmund
  1038 | D:2      | Reached skill level 1 in Armour
  1038 | D:2      | Reached XP level 4. HP: 16/34 MP: 4/4
  1038 | D:2      | Gained mutation: You have a pair of antennae on your head.
                  | [demonic ancestry]
  1038 | D:2      | Reached XP level 5. HP: 19/39 MP: 5/5
  1815 | D:1      | Lost mutation: You possess an exceptional clarity of mind.
                  | [potion of mutation]
  1815 | D:1      | Gained mutation: You do not regenerate when monsters are
                  | visible. [potion of mutation]
  1815 | D:1      | Gained mutation: You have supernaturally acute eyesight.
                  | (SInv) [potion of mutation]
  1815 | D:1      | Gained mutation: Your spells are a little harder to cast,
                  | but a little more powerful. [potion of mutation]
  1815 | D:1      | Gained mutation: You have sharp fingernails. [potion of
                  | mutation]
  2429 | D:3      | Lost mutation: You have sharp fingernails. [potion of
                  | mutation]
  2429 | D:3      | Lost mutation: You have supernaturally acute eyesight.
                  | (SInv) [potion of mutation]
  2429 | D:3      | Lost mutation: You do not regenerate when monsters are
                  | visible. [potion of mutation]
  2429 | D:3      | Gained mutation: Your muscles are strong. (Str +4, Int/Dex
                  | -1) [potion of mutation]
  2462 | D:3      | Gained mutation: You are partially covered in sharp spines.
                  | [demonic ancestry]
  2462 | D:3      | Reached XP level 6. HP: 47/47 MP: 6/6
  2509 | D:3      | Identified the +1 pair of gloves of Impermeability {Rampage
                  | rC+}
  2908 | D:4      | Reached skill level 1 in Polearms
  2945 | D:4      | Found a staircase to the Ecumenical Temple.
  2949 | D:4      | Reached skill level 2 in Polearms
  2955 | Temple   | Entered the Ecumenical Temple
  2955 | Temple   | Found a transporter.
  2955 | Temple   | Found a transporter.
  2957 | Temple   | Found a transporter.
  2957 | Temple   | Found a transporter.
  2979 | Temple   | Became a worshipper of Yredelemnul the Dark
  3111 | D:4      | Found an ancient bone altar of Kikubaaqudgha.
  3398 | D:4      | Lost mutation: Your muscles are strong. (Str +4, Int/Dex
                  | -1) [potion of mutation]
  3398 | D:4      | Lost mutation: Your spells are a little harder to cast, but
                  | a little more powerful. [potion of mutation]
  3398 | D:4      | Gained mutation: Your spells are a little harder to cast,
                  | but a little more powerful. [potion of mutation]
  3398 | D:4      | Gained mutation: Your body sometimes deteriorates upon
                  | taking damage. [potion of mutation]
  3491 | D:5      | Entered Level 5 of the Dungeon
  3530 | D:5      | Reached skill level 3 in Polearms
  3530 | D:5      | Gained mutation: You have hoof-like feet. [demonic
                  | ancestry]
  3530 | D:5      | Reached XP level 7. HP: 52/52 MP: 7/7
  3531 | D:5      | Reached * piety under Yredelemnul
  3641 | D:5      | Reached skill level 1 in Stealth
  3678 | D:5      | Reached skill level 4 in Polearms
  3697 | D:5      | Reached skill level 1 in Shields
  3737 | D:5      | Gained mutation: A meltable shield of frost defends you.
                  | (SH +4) [demonic ancestry]
  3737 | D:5      | Reached XP level 8. HP: 52/60 MP: 8/8
  4668 | D:6      | Reached skill level 5 in Polearms
  4862 | D:6      | Reached skill level 1 in Evocations
  5320 | D:7      | Noticed a hornet
  5327 | D:7      | Paralysed by a hornet for 3 turns
  5332 | D:7      | Killed a hornet
  5348 | D:7      | Found a transporter.
  5355 | D:7      | Noticed Caliliti's ghost (novice HOFi)
  5356 | D:7      | Noticed a boulder beetle
  5360 | D:7      | Noticed a manticore
  5369 | D:7      | Noticed an oklob plant
  5400 | D:7      | Found a transporter.
  5419 | D:7      | Reached skill level 6 in Polearms
  5421 | D:7      | Reached skill level 5 in Fighting
  5437 | D:7      | Mangled by a manticore

Illustrated notes

Levels and vault maps discovered:
D:1:      tarquinn_simple_flora_water_d, layout_basic,
          ebering_ecumenical_altar_ruins, st_stairs_9, chequers_mini_garden
D:2:      layout_basic, serial_shops, shop, minmay_ruptured, uniq_sigmund
D:3:      layout_loops_ring
D:4:      layout_cave_pods, mainiacjoe_overflow_six_doors_small,
          minmay_temple_entry_proselytizer
D:5:      layout_gridville
D:6:      layout_basic
D:7:      layout_basic, nzn_ghost_randoct
Temple:   hellmonk_temple_divided_pantheon

Skill      XL: |  1  2  3  4  5  6  7  8 |
---------------+-------------------------+-----
Dodging        | 3 |  3.8
Axes           | 3 4 |  4.3
Armour         | 1 2 4 |  4.3
Fighting       | 3 5 |  5.0
Polearms       | 3 4 6 |  6.2
Stealth        | 1 2 |  2.0
Shields        | 1 |  1.4
Evocations     | 1 |  1.8
Throwing       | 2 |  2.0
Unarmed Combat | |  0.8

Action                     |  1- 3 |  4- 6 |  7- 9 || total
---------------------------+-------+-------+-------++-------
  Melee: War axe           |    44 |       |       ||    44
         Kick              |     5 |    12 |    32 ||    49
         Halberd           |       |    85 |    86 ||   171
         Unarmed           |       |       |     6 ||     6
  Throw: Throwing net      |       |       |     2 ||     2
  Evoke: Wand              |       |       |     9 ||     9
    Use: Potion            |     4 |     7 |     7 ||    18
         Scroll            |     6 |     4 |     1 ||    11
   Stab: Distracted        |       |       |     1 ||     1
         Invisible         |       |       |     1 ||     1
 Armour: Leather armour    |     9 |       |       ||     9
         Chain mail        |       |    43 |    19 ||    62
         Plate armour      |       |       |    41 ||    41
  Dodge: Dodged            |    21 |    34 |    25 ||    80
  Block: Other             |     3 |    23 |    33 ||    59
